 Dungeon Crawl Stone Soup version 0.21.1-1-g345015fe64 (webtiles) character file.

81 Ivernyr the Charmwright (level 4, -9/33 HPs)
             Began as a Human Skald on May 14, 2018.
             Killed from afar by dracomuter's ghost (14 damage)
             ... with an orb of energy
             ... on level 3 of the Dungeon.
             The game lasted 00:08:08 (3007 turns).

Ivernyr the Charmwright (Human Skald)               Turns: 3007, Time: 00:08:09

Health: -9/33      AC:  4    Str: 12    XL:     4   Next: 67%
Magic:  5/7        EV: 12    Int: 13    God:
Gold:   103        SH:  0    Dex: 13    Spells: 2/7 levels left

rFire    . . .     SeeInvis .   a - +0 spear
rCold    . . .     Gourm    .   (no shield)
rNeg     . . .     Faith    .   b - +0 leather armour
rPois    .         Spirit   .   (no helmet)
rElec    .         Reflect  .   (no cloak)
rCorr    .         Harm     .   (no gloves)
MR       .....                  j - +0 pair of boots
Stlth    +.........             (no amulet)
HPRegen  0.11/turn              (no ring)
MPRegen  0.10/turn              (no ring)

@: very slightly contaminated
A: no striking features
a: no special abilities


You were on level 3 of the Dungeon.
You were very hungry.

You visited 1 branch of the dungeon, and saw 3 of its levels.

You collected 103 gold pieces.

Inventory:

Hand Weapons
 a - a +0 spear (weapon)
Armour
 b - a +0 leather armour (worn)
 j - a +0 pair of boots (worn)
Scrolls
 e - a scroll of enchant armour {unknown}
 g - a scroll of identify {unknown}
 k - a scroll of enchant weapon {unknown}
Potions
 f - a potion of magic {unknown}
 h - a potion of berserk rage {unknown}
 i - a potion of curing {unknown}
 l - 2 potions of agility {unknown}
 n - a potion of flight {unknown}
 o - 2 potions of brilliance {unknown}
 p - a potion of ambrosia {unknown}
Books
 c - a book of Battle

   Spells                             Type                      Level
   a - Infusion                       Charms                       1
   b - Shroud of Golubria             Charms/Translocation         2
   c - Song of Slaying                Charms                       2
   d - Spectral Weapon                Hexes/Charms                 3
   e - Regeneration                   Charms/Necromancy            3
Comestibles
 d - 4 rations


   Skills:
 - Level 2.0 Fighting
 + Level 2.7 Polearms
 + Level 2.1 Armour
 - Level 2.0 Dodging
 - Level 2.0 Spellcasting
 * Level 4.2 Charms


You had 2 spell levels left.
You knew the following spells:

 Your Spells              Type           Power        Failure   Level  Hunger
a - Shroud of Golubria    Chrm/Tloc      #.........   21%         2    ###....
b - Song of Slaying       Chrm           ##......     9%          2    ###....
c - Infusion              Chrm           ##..         6%          1    ##.....


Dungeon Overview and Level Annotations

Branches:
Dungeon (3/15)

Altars:
Gozag

Annotations:
D:3 dracomuter's ghost, amateur DgCj


Message History

You closely miss the gnoll.
The gnoll is moderately wounded.
The gnoll hits you with a flail of protection!
Casting: Shroud of Golubria
Confirm with . or Enter, or press ? or * to list all spells.
You miscast Shroud of Golubria.
You are very lightly contaminated with residual magic.
Your skin glows momentarily.
The gnoll barely misses you.
You completely miss the gnoll.
The gnoll is lightly wounded.
You hit the gnoll.
The gnoll is moderately wounded.
Your shroud unravels.
The gnoll hits you with a flail of protection!
* * * LOW HITPOINT WARNING * * *
Dracomuter's ghost turns its malevolent gaze towards you.
Dracomuter's ghost barely misses you.
Dracomuter's ghost points at you and mumbles some strange words.
The orb of energy hits you!
You die...

#..##...# #.# #..# ..#
#.# #..# ##### #.#
#####..####...###.##.#
#8..#.g............#.#
#_.....g......# ###'##
#8..#.gW.....#####.....
#####..#..........W.<..
##@#...............
#.#...............
#.#..........#####
#.#..........#
#.#..........#
#.####'####### #.# #.#
#.# #.#


You could see dracomuter's ghost and 3 gnolls.

Vanquished Creatures
  3 oozes
  2 worms (D:2)
  A dart slug (D:1)
  A leopard gecko (D:2)
  An orc (D:3)
  9 bats
  A giant cockroach (D:3)
  10 goblins
  10 hobgoblins
  6 kobolds
  2 frilled lizards
  5 rats
51 creatures vanquished.

Notes
Turn   | Place    | Note
-------+----------+-------------------------------------------
     0 | D:1      | Ivernyr the Human Skald began the quest for the Orb.
     0 | D:1      | Reached XP level 1. HP: 16/16 MP: 3/3
   149 | D:1      | Reached XP level 2. HP: 21/22 MP: 5/5
   163 | D:1      | Learned a level 2 spell: Song of Slaying
   166 | D:1      | Learned a level 2 spell: Shroud of Golubria
   605 | D:1      | Reached XP level 3. HP: 23/27 MP: 6/6
  1519 | D:2      | Reached XP level 4. HP: 11/33 MP: 7/7
  1523 | D:2      | Reached skill level 4 in Charms
  2386 | D:3      | Found an opulent altar of Gozag.
  2390 | D:3      | Noticed dracomuter's ghost (amateur DgCj)
  3007 | D:3      | Killed from afar by dracomuter's ghost

Skill      XL: |  1  2  3  4 |
---------------+-------------+-----
Charms         | 4 |  4.2
Armour         | 2 |  2.1
Fighting       | |  2.0
Polearms       | |  2.7
Dodging        | |  2.0
Spellcasting   | |  2.0

Action                   |  1- 3 |  4- 6 || total
-------------------------+-------+-------++-------
Melee: Spear             |   149 |   126 ||   275
 Cast: Shroud of Golubri |       |     4 ||     4
 Stab: Sleeping          |     1 |       ||     1
  Eat: Chunk             |     2 |     4 ||     6
Armor: Leather armour    |    34 |    22 ||    56
Dodge: Dodged            |    90 |    44 ||   134
